 Dungeon Crawl Stone Soup version 0.27.0-1-g7a089689b8 (webtiles) character file.

Game seed: 9691184657161658323

64140 Anothat the Executioner (level 14, -7/207 HPs)
             Began as a Minotaur Fighter on July 31, 2021.
             Was the Champion of Makhleb.
             Mangled by a fenstrider witch (12 damage)
             ... while paralysed by a fenstrider witch
             ... on level 1 of the Swamp.
             The game lasted 01:06:31 (25008 turns).

Anothat the Executioner (Minotaur Fighter)         Turns: 25008, Time: 01:06:32

Health: -7/207     AC: 19    Str: 31    XL:     14   Next: 70%
Magic:  18/18      EV:  2    Int: 10    God:    Makhleb [******]
Gold:   1236       SH:  0    Dex: 17    Spells: 13/13 levels left

rFire    + . .     SeeInvis .   p - +7 executioner's axe of Income {venom, Int+5}
rCold    . . .     Faith    .   (shield currently unavailable)
rNeg     . . .     Spirit   .   h - +0 plate armour
rPois    .         Reflect  +   u - +1 hat
rElec    .         Harm     .   R - +2 cloak of Snakes and Ladders {Rampage}
rCorr    .         Rampage  +   (no gloves)
Will     +....                  k - +0 pair of boots
Stlth    ..........             X - amulet of reflection
HPRegen  0.44/turn              F - ring "Ysivasoe" {+Blink EV+4 Str+6}
MPRegen  0.16/turn              l - +6 ring of dexterity

@: paralysed, berserking
A: horns 2, retaliatory headbutt, fire resistance 1
a: Renounce Religion, Evoke Blink, Minor Destruction, Lesser Servant of Makhleb,
Major Destruction, Greater Servant of Makhleb


You were on level 1 of the Swamp.
You worshipped Makhleb.
Makhleb was exalted by your worship.
You visited 5 branches of the dungeon, and saw 22 of its levels.
You also visited: Gauntlet.

You collected 1956 gold pieces.
You spent 720 gold pieces at shops.

Inventory:

Hand Weapons
 a - a +1 war axe
 c - a +0 vampiric war axe
 p - the +7 executioner's axe of Income (weapon) {venom, Int+5}
   (You acquired it on level 1 of the Lair of Beasts)

   It poisons the flesh of those it strikes.
   Int:       It affects your intelligence (+5).
 y - a +0 broad axe
 V - the +5 war axe "Xefinan" {holy, rN++ Int-2}
   (You found it on level 11 of the Dungeon)

   It has been blessed by the Shining One to cause great damage to the undead
   and demons.
   Int:       It affects your intelligence (-2).
   rN:        It greatly protects you from negative energy.
Missiles
 T - 4 throwing nets (quivered)
Armour
 b - a +0 scale mail
 f - a +0 chain mail
 h - a +0 plate armour (worn)
 k - a +0 pair of boots (worn)
 s - a +0 pair of boots
 u - a +1 hat (worn)
 P - a scarf of harm
 Q - +1 fire dragon scales
 R - the +2 cloak of Snakes and Ladders (worn) {Rampage}
   (You found it in a Gauntlet)

   Rampage:   It bestows one free step when moving towards enemies.
Jewellery
 l - a +6 ring of dexterity (right hand)
 n - a ring of wizardry
 E - a +6 ring of intelligence
 F - the ring "Ysivasoe" (left hand) {+Blink EV+4 Str+6}
   (You acquired it on level 10 of the Dungeon)

   [ring of evasion]

   EV:        It affects your evasion (+4).
   Str:       It affects your strength (+6).
   +Blink:    It lets you blink.
 K - a ring of resist corrosion
 M - an amulet of magic regeneration
 N - a ring of fire
 S - a ring of magical power
 X - an amulet of reflection (around neck)
Wands
 i - a wand of digging (5)
 q - a wand of paralysis (13)
 A - a wand of charming (6)
 B - a wand of polymorph (5)
 G - a wand of flame (35)
 H - a wand of iceblast (40)
 I - a wand of acid (2)
Scrolls
 e - a scroll of magic mapping
 g - 3 scrolls of enchant weapon
 j - 8 scrolls of identify
 o - 3 scrolls of enchant armour
 t - 5 scrolls of teleportation
 v - a scroll of immolation
 W - 2 scrolls of holy word {unknown}
Potions
 d - 2 potions of curing
 m - 5 potions of flight
 r - 7 potions of lignification
 w - 4 potions of degeneration
 x - 3 potions of brilliance
 z - 3 potions of attraction
 C - 3 potions of haste
 D - 2 potions of mutation
 J - a potion of might
 L - a potion of cancellation
 O - a potion of berserk rage


   Skills:
 + Level 16.6 Fighting
 + Level 21.3 Axes
 * Level 7.8 Armour
 - Level 12.6 Shields
 + Level 6.9 Invocations


You had 13 spell levels left.
You didn't know any spells.
Your spell library contained the following spells:

 Spells                   Type           Power      Damage    Failure   Level
 Beastly Appendage        Tmut           0%         N/A       96%         1
 Foxfire                  Conj/Fire      0%         2x1d4     96%         1
 Sandblast                Erth           0%         2d4       96%         1
 Blink                    Tloc           N/A        N/A       99%         2
 Passwall                 Tmut/Erth      0%         N/A       99%         2
 Slow                     Hex            0%         N/A       99%         2
 Wereblood                Tmut           0%         N/A       99%         2
 Confusing Touch          Hex            0%         N/A       100%        3
 Conjure Flame            Conj/Fire      0%         6-21      100%        3
 Inner Flame              Hex/Fire       0%         N/A       100%        3
 Lesser Beckoning         Tloc           0%         N/A       100%        3
 Spider Form              Tmut/Pois      0%         N/A       100%        3
 Tukima's Dance           Hex            0%         N/A       100%        3
 Animate Dead             Necr           0%         N/A       100%        4
 Fulminant Prism          Conj/Hex       0%         3d6       100%        4
 Alistair's Intoxication  Tmut/Pois      0%         N/A       100%        5
 Borgnjor's Vile Clutch   Necr/Erth      0%         N/A       100%        5
 Freezing Cloud           Conj/Ice/Air   0%         6-21      100%        5
 Lee's Rapid Deconstruct  Erth           0%         3d5*      100%        5
 Manifold Assault         Tloc           0%         N/A       100%        5
 Metabolic Englaciation   Hex/Ice        0%         N/A       100%        5
 Yara's Violent Unravell  Hex/Tmut       0%         3d3       100%        5
 Death Channel            Necr           0%         N/A       100%        6
 Eringya's Noxious Bog    Tmut/Pois      0%         N/A       100%        6
 Simulacrum               Ice/Necr       0%         N/A       100%        6
 Malign Gateway           Summ/Tloc      0%         N/A       100%        7
 Discord                  Hex            0%         N/A       100%        8
 Summon Horrible Things   Summ           0%         N/A       100%        8
 Polar Vortex             Ice            0%         N/A       100%        9


Dungeon Overview and Level Annotations

Branches:
Dungeon (12/15)            Temple (1/1) D:4            Lair (6/6) D:10
  Swamp (1/4) Lair:2        Snake (0/4) Lair:3        Slime (0/5) Lair:6
    Orc (2/2) D:12            Elf (0/3) Orc:2       Gauntlet (visited)

Altars:
Cheibriados
Elyvilon
Fedhas
Gozag
Kikubaaqudgha
Makhleb
Nemelex Xobeh
Okawaru
Qazlal
Sif Muna
The Shining One
Beogh

Shops:
D:4 [   D:9 ?   Orc:2 [[=!=

Portals:
Abyss: Lair:3

Annotations:
D:4 1 runed translucent door, Nattefrost's ghost, amateur MfHu
D:6 1 runed translucent door, Crazy Yiuf
D:7 2 runed translucent doors, stickyfingers's ghost, novice FoDe
Lair:3 2 transporters, exclusion: oklob plant, Nefuv's ghost, journeyman MiBe
Lair:6 Nessos
Orc:2 1 runed translucent door


Innate Abilities, Weirdness & Mutations

You have a pair of horns on your head.
You reflexively headbutt those who attack you in melee.
Your flesh is heat resistant. (rF+)


Message History

* * * LOW HITPOINT WARNING * * *
x2 You feel extremely sick.
The fenstrider witch hits you!
* * * LOW HITPOINT WARNING * * *
The fenstrider witch kicks you but does no damage.
You feel much better.
* * * LOW HITPOINT WARNING * * *
You feel extremely sick.
The fenstrider witch gestures at you while chanting.
You struggle to resist.
The fenstrider witch hits you.
* * * LOW HITPOINT WARNING * * *
The fenstrider witch kicks you!
* * * LOW HITPOINT WARNING * * *
Okay, then.
Okay, then.
Okay, then.
Okay, then.
Aiming: Paralyse
Press: ? - help, Shift-Dir - straight line, f - fenstrider witch
Aim: a fenstrider witch, wearing a +0 robe (chance to affect: 1%)
Okay, then.
Okay, then.
You feel better.
The fenstrider witch closely misses you.
You block the fenstrider witch's attack.
A red film seems to cover your vision as you go berserk!
You feel yourself moving faster!
You feel mighty! The fenstrider witch hits you!
* * * LOW HITPOINT WARNING * * *
You block the fenstrider witch's attack.
You slice the fenstrider witch!!
The fenstrider witch looks as sick as possible!
The fenstrider witch is moderately wounded.
The fenstrider witch gestures at you while chanting.
You suddenly lose the ability to move!
The fenstrider witch hits you but does no damage.
The fenstrider witch kicks you!
* * * LOW HITPOINT WARNING * * *
The fenstrider witch hits you!
You die...

♣..≈♣ ♣♣♣♣..§♣♣ ≈..≈≈≈.
♣≈....♣♣ ♣....≈≈.♣♣ .≈.§≈≈.
♣.≈≈.≈.§♣♣.§≈≈≈≈≈.♣ ≈≈≈§≈≈.
.≈≈≈....≈≈≈≈≈≈≈≈≈≈♣♣ ≈≈≈≈≈..
§≈≈≈♣♣♣♣..≈..♣♣...≈♣♣.§≈≈≈.≈
♣..≈♣♣♣.§.≈≈≈...§≈.≈♣.§≈≈≈≈(
♣≈♣≈≈..≈≈≈......≈≈≈≈..≈≈≈≈≈≈
......≈≈§≈.....≈≈≈.≈..≈≈≈≈§≈
≈≈≈..≈≈≈≈≈≈.≈≈.♣@H.≈..§[....
≈≈≈≈≈≈.§≈≈.≈≈≈.♣♣♣♣♣♣≈♣.§...
≈≈≈≈≈≈.♣..≈≈≈≈≈♣ ♣♣.≈..?
≈≈≈≈≈.♣♣♣..§.≈♣♣ ..≈♣
.≈≈≈..♣ ♣≈.≈♣♣ ♣♣ ≈≈≈<.♣♣
♣♣≈≈ ≈≈≈♣♣♣ ≈≈ ..≈ ♣♣♣


You could see a fenstrider witch (extremely poisoned).

Vanquished Creatures
  Kirke (Lair:6)
  A minotaur (Gauntlet)
  3 boulder beetles
  2 hydras (D:12)
  4 death yaks (Lair:6)
  A centaur warrior (Orc:2)
  3 two-headed ogres
  A soul eater (Gauntlet)
  A fire crab (Gauntlet)
  4 skeletal warriors (D:12)
  A death drake (Gauntlet)
  Pikel (D:7)
  3 bog bodies (Lair:2)
  An orc knight (Orc:1)
  2 orc sorcerers (Orc:2)
  An ugly thing (D:12)
  19 elephants
  A black mamba (Lair:5)
  2 centaur zombies
  Maggie (D:7)
  7 cane toads
  3 gargoyles
  2 unseen horrors
  A rime drake (Lair:3)
  3 kobold demonologists
  2 komodo dragons
  7 trolls
  2 polar bears
  Grinder (D:5)
  5 blink frogs
  Prince Ribbit (D:5)
  2 meliai zombies
  6 dream sheep (Lair:6)
  Sigmund (D:6)
  3 wraiths
  68 yaks
  4 hogs (Lair:6)
  3 steam dragons
  Eustachio (D:6)
  7 wyverns
  6 vampire mosquitoes
  4 fire bats (Gauntlet)
  A human (Lair:6)
  Menkaure (D:4)
  4 wargs
  2 swamp worms (Lair:2)
  3 nagas (Lair:3)
  23 water moccasins
  3 acid dragons
  A sky beast (D:7)
  3 black bears
  42 orc warriors
  2 necrophages
  8 ogres
  5 wolves (Lair:6)
  13 centaurs
  16 kobold brigands
  8 bullfrogs
  A wyvern zombie (D:7)
  2 scorpions
  3 gnoll sergeants
  22 killer bees
  An electric eel (Lair:2)
  6 hounds
  2 jellies
  A bullfrog skeleton (D:5)
  16 orc priests
  2 centaur skeletons
  Jessica (D:2)
  2 iguanas
  21 orc wizards
  7 hell rats (Lair:2)
  A killer bee zombie (D:5)
  Robin (D:2)
  13 gnolls
  2 howler monkey skeletons
  9 adders
  11 river rats (Lair:2)
  4 shadow imps (Gauntlet)
  An ufetubus (D:6)
  A worm (D:2)
  3 dart slugs
  85 orcs
  6 endoplasms
  4 giant cockroaches
  13 goblins
  9 hobgoblins
  3 jackals (D:4)
  10 quokkas
  4 ball pythons
  4 bats
  3 frilled lizards
  16 kobolds
  10 rats
627 creatures vanquished.

Vanquished Creatures (others)
  2 humans (Lair:6)
  An orc warrior (Orc:2)
  2 jellies (Lair:6)
  40 fungi
  57 plants
  14 withered plants (Gauntlet)
116 creatures vanquished.

Grand Total: 743 creatures vanquished

Notes
Turn   | Place    | Note
-------+----------+-------------------------------------------
     0 | D:1      | Anothat the Minotaur Fighter began the quest for the Orb.
     0 | D:1      | Reached XP level 1. HP: 19/19 MP: 0/0
   197 | D:1      | Reached XP level 2. HP: 27/27 MP: 1/1
   575 | D:1      | Found a faded altar of an unknown god.
  1368 | D:2      | Noticed Robin
  1380 | D:2      | Reached XP level 3. HP: 20/33 MP: 2/2
  1388 | D:2      | Killed Robin
  1389 | D:2      | Reached skill level 3 in Axes
  1887 | D:2      | Reached XP level 4. HP: 41/41 MP: 3/3
  1890 | D:2      | Found an iron altar of Okawaru.
  1931 | D:2      | Noticed Jessica
  1934 | D:2      | Killed Jessica
  2368 | D:3      | Reached skill level 5 in Fighting
  3080 | D:4      | Found Datsayg's Armour Shop.
  3114 | D:4      | Noticed a black bear
  3121 | D:4      | Killed a black bear
  3122 | D:4      | Reached XP level 5. HP: 48/49 MP: 4/4
  3149 | D:4      | Reached skill level 4 in Axes
  3151 | D:4      | Found a staircase to the Ecumenical Temple.
  3165 | Temple   | Entered the Ecumenical Temple
  3180 | Temple   | Became a worshipper of Makhleb the Destroyer
  3302 | D:4      | Noticed Menkaure
  3314 | D:4      | Killed Menkaure
  3315 | D:4      | Reached skill level 5 in Armour
  3315 | D:4      | Reached skill level 5 in Shields
  3315 | D:4      | Reached XP level 6. HP: 17/57 MP: 5/5
  3576 | D:4      | Found an iron altar of Okawaru.
  3577 | D:4      | Found a runed translucent door.
  3580 | D:4      | Noticed Nattefrost's ghost (amateur MfHu)
  4160 | D:5      | Entered Level 5 of the Dungeon
  4248 | D:5      | Reached XP level 7. HP: 53/64 MP: 6/6
  4978 | D:5      | Reached skill level 5 in Axes
  5225 | D:6      | Noticed Grinder
  5225 | D:6      | Noticed Prince Ribbit
  5237 | D:5      | Killed Prince Ribbit
  5238 | D:5      | Reached XP level 8. HP: 54/74 MP: 7/7
  5322 | D:5      | Killed Grinder
  5322 | D:5      | Reached * piety under Makhleb
  5323 | D:5      | Reached skill level 6 in Axes
  5592 | D:6      | Noticed Sigmund
  5600 | D:6      | Killed Sigmund
  5774 | D:6      | Noticed Eustachio
  5792 | D:6      | Killed Eustachio
  6105 | D:6      | Found a runed translucent door.
  6106 | D:6      | Noticed Crazy Yiuf
  6209 | D:7      | Reached skill level 10 in Fighting
  6209 | D:7      | Reached skill level 7 in Axes
  6263 | D:7      | Reached XP level 9. HP: 68/85 MP: 8/8
  6370 | D:7      | Noticed Maggie
  6411 | D:7      | Killed Maggie
  6420 | D:7      | Found a large runed translucent door.
  6420 | D:7      | Found a large runed translucent door.
  6421 | D:7      | Noticed stickyfingers's ghost (novice FoDe)
  7035 | D:7      | Reached skill level 8 in Axes
  7097 | D:7      | Reached ** piety under Makhleb
  7258 | D:7      | Noticed Pikel
  7265 | D:7      | Killed Pikel
  7266 | D:7      | Reached skill level 9 in Axes
  7507 | D:8      | Found a glowing golden altar of the Shining One.
  7511 | D:8      | Found a sparkling altar of Nemelex Xobeh.
  7520 | D:8      | Reached XP level 10. HP: 69/96 MP: 9/9
  7771 | D:8      | Found a shimmering blue altar of Sif Muna.
  7771 | D:8      | Found a white marble altar of Elyvilon.
  7829 | D:8      | Reached skill level 10 in Axes
  8815 | D:8      | Found a snail-covered altar of Cheibriados.
  8979 | D:9      | Found Miheusotu's Magic Scroll Shop.
  9040 | D:9      | Reached skill level 11 in Axes
  9054 | D:9      | Reached skill level 10 in Shields
  9268 | D:9      | Noticed a soul eater
  9505 | D:9      | Reached skill level 12 in Axes
  9505 | D:9      | Reached XP level 11. HP: 87/105 MP: 10/10
  9610 | D:9      | Reached *** piety under Makhleb
  9858 | D:9      | Noticed a two-headed ogre
  9868 | D:9      | Killed a two-headed ogre
 10606 | D:10     | Entered Level 10 of the Dungeon
 10845 | D:10     | Found a staircase to the Lair.
 11277 | D:10     | Found an ancient bone altar of Kikubaaqudgha.
 11342 | D:10     | Reached skill level 13 in Axes
 11777 | D:11     | Reached **** piety under Makhleb
 12044 | D:10     | Identified a scroll of acquirement
 12044 | D:10     | Acquired the ring "Ysivasoe" {+Blink EV+4 Str+6}
 12053 | Lair:1   | Entered Level 1 of the Lair of Beasts
 12363 | Lair:1   | Reached skill level 14 in Axes
 12841 | Lair:1   | Reached XP level 12. HP: 104/115 MP: 11/11
 13257 | Lair:2   | Reached skill level 15 in Axes
 13675 | Lair:2   | Noticed a boulder beetle
 13689 | Lair:2   | Killed a boulder beetle
 13854 | Lair:2   | HP: 5/117 [bog body/bolt of cold (21)]
 14244 | Lair:1   | Acquired the +7 executioner's axe of Income {venom, Int+5}
 14253 | Lair:1   | Acquired a +0 vampiric war axe
 14255 | Lair:1   | Acquired a manual of Axes
 14492 | Lair:2   | Reached ***** piety under Makhleb
 15015 | Lair:2   | Found a staircase to the Swamp.
 15233 | Lair:3   | Reached skill level 16 in Axes
 15628 | Lair:3   | Found a transporter.
 15630 | Lair:3   | Found a transporter.
 15640 | Lair:3   | Found a one-way gate to the infinite horrors of the Abyss.
 15640 | Lair:3   | Noticed Nefuv's ghost (journeyman MiBe)
 15642 | Lair:3   | Noticed a hell hog
 15953 | Lair:3   | Found a blossoming altar of Fedhas.
 16004 | Lair:3   | Reached skill level 17 in Axes
 16214 | Lair:3   | Found a staircase to the Snake Pit.
 17179 | Lair:5   | Found a gate leading to a gauntlet.
 17189 | Gauntlet | Entered a Gauntlet
 17189 | Gauntlet | Found a transporter.
 17189 | Gauntlet | Found a transporter.
 17189 | Gauntlet | Found a transporter.
 17190 | Gauntlet | Found a transporter.
 17193 | Gauntlet | Found a transporter.
 17193 | Gauntlet | Found a transporter.
 17205 | Gauntlet | Found a transporter.
 17207 | Gauntlet | Found a transporter.
 17209 | Gauntlet | Found a large runed translucent door.
 17210 | Gauntlet | Found a large runed translucent door.
 17211 | Gauntlet | Found a large runed translucent door.
 17211 | Gauntlet | Found a large runed translucent door.
 17211 | Gauntlet | Found a runed translucent door.
 17211 | Gauntlet | Found a runed translucent door.
 17212 | Gauntlet | Found a large runed translucent door.
 17212 | Gauntlet | Found a large runed translucent door.
 17212 | Gauntlet | Found a large runed translucent door.
 17212 | Gauntlet | Found a large runed translucent door.
 17213 | Gauntlet | Found a large runed translucent door.
 17213 | Gauntlet | Found a large runed translucent door.
 17213 | Gauntlet | Found a large runed translucent door.
 17214 | Gauntlet | Found a large runed translucent door.
 17214 | Gauntlet | Found a large runed translucent door.
 17214 | Gauntlet | Found a large runed translucent door.
 17216 | Gauntlet | Found a runed translucent gate.
 17216 | Gauntlet | Found a runed translucent gate.
 17216 | Gauntlet | Found a runed translucent gate.
 17218 | Gauntlet | Found a transporter.
 17230 | Gauntlet | Found a large runed translucent door.
 17236 | Gauntlet | Found a transporter.
 17254 | Gauntlet | Found a transporter.
 17258 | Gauntlet | Found a transporter.
 17358 | Gauntlet | Found a large runed translucent door.
 17426 | Gauntlet | Reached XP level 13. HP: 110/125 MP: 12/12
 17555 | Gauntlet | Reached skill level 15 in Fighting
 17555 | Gauntlet | Reached skill level 18 in Axes
 17734 | Gauntlet | Noticed a minotaur
 17747 | Gauntlet | Killed a minotaur
 17897 | Gauntlet | Identified the +2 cloak of Snakes and Ladders {Rampage}
 17906 | Gauntlet | Got Sif Muna's Almanac of Malediction
 18000 | Lair:5   | Reached skill level 1 in Invocations
 18614 | Lair:6   | Entered Level 6 of the Lair of Beasts
 18677 | Lair:6   | Reached skill level 19 in Axes
 18860 | Lair:6   | Noticed Kirke
 19040 | Lair:6   | Killed Kirke
 19041 | Lair:6   | Reached skill level 20 in Axes
 19433 | Lair:6   | Noticed Nessos
 19788 | Lair:5   | Gained mutation: You occasionally shout uncontrollably at
                  | your foes. [potion of mutation]
 19789 | Lair:5   | Lost mutation: You occasionally shout uncontrollably at
                  | your foes. [potion of mutation]
 19789 | Lair:5   | Gained mutation: Your flesh is heat resistant. (rF+)
                  | [potion of mutation]
 20055 | D:11     | Reached skill level 5 in Invocations
 20055 | D:11     | Reached XP level 14. HP: 136/136 MP: 16/16
 20100 | D:11     | Reached ****** piety under Makhleb
 20602 | D:11     | Identified the +1 scale mail of the Undertaker {rPois Str+4
                  | Int+2}
 20805 | D:11     | Identified the +5 war axe "Xefinan" {holy, rN++ Int-2}
 21519 | D:12     | Reached skill level 21 in Axes
 21720 | D:12     | Found a staircase to the Orcish Mines.
 22181 | Orc:1    | Entered Level 1 of the Orcish Mines
 22595 | Orc:2    | Entered Level 2 of the Orcish Mines
 22852 | Orc:2    | Found Miwe's Antique Armour Shop.
 22915 | Orc:2    | Found a runed translucent door.
 24217 | Orc:2    | Found a staircase to the Elven Halls.
 24441 | Orc:2    | Found Racil's Jewellery Emporium.
 24441 | Orc:2    | Found Jivyamon's Distillery.
 24443 | Orc:2    | Found Uskiopp's Jewellery Boutique.
 24445 | Orc:2    | Found Unytuu's Armour Shoppe.
 24453 | Orc:2    | Bought a potion of heal wounds for 75 gold pieces
 24453 | Orc:2    | Bought a potion of heal wounds for 75 gold pieces
 24453 | Orc:2    | Bought a potion of haste for 150 gold pieces
 24461 | Orc:2    | Bought an amulet of reflection for 420 gold pieces
 24965 | Swamp:1  | Entered Level 1 of the Swamp
 24991 | Swamp:1  | Noticed a fenstrider witch
 24997 | Swamp:1  | Paralysed by a fenstrider witch for 3 turns
 25002 | Swamp:1  | HP: 4/138 [fenstrider witch (13)]
 25006 | Swamp:1  | Paralysed by a fenstrider witch for 4 turns
 25007 | Swamp:1  | HP: 4/207 [fenstrider witch (8)]
 25008 | Swamp:1  | Mangled by a fenstrider witch

Illustrated notes

Levels and vault maps discovered:
D:1:      scummos_arrival_simple_crosswalls, layout_basic,
          chequers_ecumenical_altar_grove
D:2:      layout_loops_ring, basic_altar, corexii_item_surrounded_by_moat,
          uniq_robin, uniq_jessica
D:3:      layout_loops_ring
D:4:      layout_cave_pods, mainiacjoe_overflow_alcove_1,
          minmay_temple_entry_large_hall, ebering_ghost_sewer_d, serial_shops,
          shop, uniq_menkaure
D:5:      layout_rooms, mrwooster_statue_mirror
D:6:      layout_basic, lemuel_crystal_altar, uniq_sigmund,
          uniq_crazy_yiuf_cottage, uniq_duvessa, uniq_grinder, uniq_eustachio,
          uniq_prince_ribbit1
D:7:      kennysheep_six_static_rooms, layout_rooms,
          ebering_ghost_disaster_area, uniq_pikel, uniq_maggie
D:8:      layout_cave_pools, lemuel_round_altar, grunt_temple_overflow_open,
          grunt_decor_resistance, grunt_decor_arrowhead, minmay_microvault
D:9:      layout_loops_ring, serial_shops, shop
D:10:     layout_roguey, kennysheep_little_box, grunt_lair_entry_orc_guard_hut
D:11:     layout_basic, eino_jars
D:12:     layout_roguey [special_room_orc], erik_orc_3
Temple:   jpeg_temple_clearing
Lair:1:   layout_chaotic_city, grunt_megastairs_4
Lair:2:   lemuel_ratsnest, layout_regular_city,
          nicolae_swamp_entry_splash_gauntlet, minmay_hedge_maze
Lair:3:   layout_long_grid, minmay_snake_entry_guardpost_small,
          gammafunk_ghost_abyssal_escape, hangedman_tree_tricks,
          nicolae_quartered_pool_super, lemuel_fruit_tree
Lair:4:   layout_roguey, chequers_serial_rivers_micro_d
Lair:5:   layout_misc_corridors, gauntlet_entry_generic, minivault_24,
          cheibrodos_lair_reptile_den, infiniplex_staircase_pool_2
Lair:6:   guppyfry_lair_end_dragon, layout_regular_city,
          hangedman_lair_tendril_chambers, minmay_slime_entry_jelly_boxes,
          serial_bayou_shore_b, uniq_nessos, uniq_kirke, uniq_urug
Swamp:1:  layout_basic_swamp, evilmike_swamp_ruin_house_2
Orc:1:    layout_caves, special_room [special_room_kobold]
Orc:2:    st_orc_rangers, layout_diamond_mine, basic_altar, serial_shops, shop,
          lightli_church_of_beogh

Skill      XL: |  1  2  3  4  5  6  7  8  9 10 11 12 13 14 |
---------------+-------------------------------------------+-----
Fighting       | 4 5 6 8 10 11 12 13 14 15 16 | 16.6
Shields        | 4 5 6 7 9 10 11 12 | 12.6
Axes           | 3 4 5 7 9 12 14 17 20 21 | 21.3
Armour         | 4 5 6 7 |  7.8
Invocations    | 5 6 |  6.9

Action                   |  1- 3 |  4- 6 |  7- 9 | 10-12 | 13-15 || total
-------------------------+-------+-------+-------+-------+-------++-------
Melee: War axe           |    85 |    85 |   134 |       |       ||   304
       Headbutt          |    11 |    17 |    47 |   164 |   137 ||   376
       Broad axe         |       |       |    76 |   500 |       ||   576
       Executioner's axe |       |       |       |   117 |   476 ||   593
Evoke: Wand              |       |       |     4 |     3 |    10 ||    17
  Use: Potion            |     1 |     1 |     1 |     3 |    11 ||    17
       Scroll            |       |       |    13 |    15 |     4 ||    32
 Stab: Paralysed         |       |       |    15 |       |       ||    15
       Invisible         |       |       |       |       |     6 ||     6
Armor: Scale mail        |     3 |       |       |       |       ||     3
       Chain mail        |    54 |    52 |    85 |       |       ||   191
       Plate armour      |       |       |    12 |   258 |   274 ||   544
Dodge: Dodged            |    19 |    22 |    50 |   183 |   302 ||   576
Block: Kite shield       |    42 |    41 |   115 |   320 |       ||   518
       Other             |       |       |       |       |     2 ||     2
